 Dungeon Crawl Stone Soup version 0.31-a0-1278-g11c5b68f87 (webtiles) character file.

Game seed: 5585414853610965896

3677 MackTheKnife the Cleaver (level 9, -1/127 HPs)
             Began as a Minotaur Fighter on Dec 17, 2023.
             Was an Initiate of Ru.
             Slain by a vampire
             ... wielding a +1 vampiric glaive
              (3 damage)
             ... in a bailey.
             The game lasted 00:10:59 (3355 turns).

MackTheKnife the Cleaver (Minotaur Fighter)         Turns: 3355, Time: 00:11:00

Health: -1/127     AC:  9    Str: 21    XL:     9   Next: 89%
Magic:  8/8        EV: 10    Int:  5    God:    Ru [......]
Gold:   1161       SH:  6    Dex: 14    Spells: 8/8 levels left

rFire   . . .        a - +0 war axe {axe}
rCold   . . .        c - +0 buckler
rNeg    . . .        z - +1 ring mail {Will+}
rPois   .            (helmet restricted)
rElec   .            s - +0 cloak
rCorr   .            f - +0 pair of gloves
SInv    .            (no boots)
Will    +....        e - amulet of the acrobat Stlth
                     F - +4 ring of slaying
HPRegen 0.41/turn    (no ring)
MPRegen 0.11/turn

%: acrobat
@: berserking, very quick
A: horns 2, no stealth, retaliatory headbutt
a: Renounce Religion


You were in a bailey.
You worshipped Ru.
Ru was noncommittal.
You visited 2 branches of the dungeon, and saw 10 of its levels.
You also visited: Bailey.

You collected 1414 gold pieces.
You spent 253 gold pieces at shops.


Innate Abilities, Weirdness & Mutations

You have a pair of horns on your head.
You cannot be stealthy.
You reflexively headbutt those who attack you in melee.


   Skills:
 - Level 10.0 Fighting
 + Level 13.0 Axes
 - Level 3.6 Armour
 + Level 7.0 Shields


You had 8 spell levels left.
You didn't know any spells.
Your spell library was empty.

Inventory:

Hand Weapons
 a - a +0 war axe (weapon) {axe}
 w - a +2 flail of protection {mace}
   (You took it off a gnoll on level 5 of the Dungeon)
 y - a +0 flail of holy wrath {mace}
   (You took it off Edmund on level 5 of the Dungeon)
 G - a +0 mace of protection {mace}
   (You took it off an orc on level 7 of the Dungeon)
Missiles
 l - 15 poisoned darts {throwing}
 I - a curare-tipped dart {=fthrowing}
Armour
 b - a +0 scale mail
 c - a +0 buckler (worn)
 f - a +0 pair of gloves (worn)
   (You found it on level 1 of the Dungeon)
 s - a +0 cloak (worn)
   (You found it on level 4 of the Dungeon)
 z - a +1 ring mail of willpower (worn)
   (You took it off Edmund on level 5 of the Dungeon)
 E - a +2 kite shield of cold resistance
   (You took it off a gnoll sergeant on level 8 of the Dungeon)
Jewellery
 e - an amulet of the acrobat (around neck)
   (You found it on level 4 of the Dungeon)
 F - a +4 ring of slaying (left hand)
   (You found it on level 6 of the Dungeon)
Wands
 m - a wand of mindburst (12)
   (You found it on level 3 of the Dungeon)
 A - a wand of polymorph (3)
   (You found it on level 5 of the Dungeon)
 C - a wand of roots (8)
   (You found it on level 6 of the Dungeon)
 D - a wand of quicksilver (6)
   (You found it on level 6 of the Dungeon)
Scrolls
 g - 3 scrolls of teleportation {@r4}
 i - a scroll of brand weapon {unknown}
 j - a scroll of fear {unknown}
 q - 2 scrolls of enchant weapon {unknown}
 r - 2 scrolls of vulnerability {unknown}
 u - a scroll of poison {!r}
 x - a scroll of fog {unknown}
 B - a scroll of silence {!r}
Potions
 d - a potion of might
 k - 2 potions of brilliance
 n - 2 potions of curing {@q1}
 o - 2 potions of ambrosia
 p - 2 potions of degeneration {unknown}
 t - a potion of magic {unknown}
 v - 2 potions of heal wounds {@q2}
 H - a potion of resistance {unknown}

Dungeon Overview and Level Annotations

Branches:
Dungeon (9/15) Zot: 26860  Temple (1/1) D:6 Zot: 5981  Bailey (1/1) Zot: 5707
   Lair: D:8-11         Orc: D:9-12

Altars:
Ashenzari
Cheibriados
Dithmenos
Elyvilon
Gozag
Hepliaklqana
Kikubaaqudgha
Nemelex Xobeh
Qazlal
Ru
Sif Muna
Trog
Uskayaw
Xom
Yredelemnul
The Shining One

Shops:
D:5 !

Annotations:
D:8 3 runed translucent doors, hackum's ghost, novice OpGl

##### #8[}.## ## ..![##
#8. #.{8# #.. #@.# #..#
##..##########
#...##...#8......8#
#......##.....)..#
##....##...#######
###''##...##....8#
#.........#......#+####
#8...............#....#
#########....#...#....#


There were no monsters in sight!


Message History

You completely miss the gargoyle. You headbutt the gargoyle.
You hit the gargoyle.
The gargoyle hits you with a +0 mace! 😮 HP[-8]
You take 8 damage, and now have 62/85 hp.
You barely miss the gargoyle.
The gargoyle hurls a stone arrow at you.
The stone arrow hits you. 😮 HP[-2]
You take 2 damage, and now have 60/85 hp.
You hit the gargoyle but do no damage. You headbutt the gargoyle.
The gargoyle barely misses you. You furiously retaliate!
You headbutt the gargoyle. You hit the gargoyle.
The gargoyle hits you with a +0 mace. 😮 HP[-3]
You take 3 damage, and now have 57/85 hp.
You hit the gargoyle but do no damage. You headbutt the gargoyle.
You destroy the gargoyle!
Your Axes skill increases to level 13!
Your Shields skill increases to level 7! 😮 HP[+1]
You see here a +0 mace {mace}.
You start resting. 😎 HP[+27]
Your hp is fully restored (85).
You open the large door.
There is a large open door here.
A vampire comes into view. It is wielding a +1 vampiric glaive.
A vampire is nearby!
You block the vampire's attack. The vampire barely misses you.
You block the vampire's attack.
You hit the vampire but do no damage.
You headbutt the vampire, but do no damage.
The vampire hits you but does no damage.
The vampire bites you.
The vampire draws strength from your injuries! 😕 HP[-3]
You take 3 damage, and now have 82/85 hp.
You hit the vampire but do no damage. Your headbutt misses the vampire.
You block the vampire's attack.
The vampire bites you but does no damage.
You hit the vampire. You completely miss the vampire.
The vampire mumbles some strange words.
The vampire flickers and vanishes!
Deactivating autopickup; reactivate with Ctrl-A.
No target in view!
No target in view! 😕 HP[+1] No target in view!
No target in view!
No target in view!
No target in view!
No target in view!
You miss something. Something hits you! Something bites you.
Something draws strength from your injuries! 😕 HP[-12]
You take 12 damage, and now have 71/85 hp.
You slash something! Something hits you! Something bites you!
Something draws strength from your injuries! 😮 HP[-19]
You take 19 damage, and now have 52/85 hp.
MASSIVE DAMAGE!! (PAUSE)
You closely miss something. You headbutt something. Something hits you!
* * * LOW HITPOINT WARNING * * *
Something bites you but does no damage. 😨 HP[-14]
You take 14 damage, and now have 38/85 hp.
A red film seems to cover your vision as you go berserk!
You feel yourself moving faster!
You feel mighty! Something hits you!
* * * LOW HITPOINT WARNING * * *
Something bites you.
* * * LOW HITPOINT WARNING * * *
Something draws strength from your injuries! 😨 HP[+9]
You now have 127 max hp (+42).
You regained 9 hp, and now have 47/127 hp.
You miss something. Your headbutt misses something.
You hit something but do no damage. Your headbutt misses something.
Something hits you!!
* * * LOW HITPOINT WARNING * * *
You block something's attack. 😱 HP[-19]
You take 19 damage, and now have 28/127 hp.
You slash something! Your headbutt misses something. Something hits you!
* * * LOW HITPOINT WARNING * * *
Something bites you but does no damage. 😱 HP[-14]
You take 14 damage, and now have 14/127 hp.
You hit something but do no damage. Your headbutt misses something.
You miss something. Something hits you!
* * * LOW HITPOINT WARNING * * *
Something bites you.
* * * LOW HITPOINT WARNING * * *
Something draws strength from your injuries! 😱 HP[-13]
You take 13 damage, and now have 1/127 hp.
You are too berserk!
You slash something! You hit something. Something hits you.
You die...

Skill      XL: |  1  2  3  4  5  6  7  8  9 |
---------------+----------------------------+-----
Fighting       | 4 5 6 7 8 10 | 10.0
Axes           | 3 4 5 6 8 11 13 | 13.0
Shields        | 7 |  7.0
Armour         | |  3.6

Action                     |  1- 3 |  4- 6 |  7- 9 || total
---------------------------+-------+-------+-------++-------
  Melee: War axe           |    86 |    77 |   218 ||   381
         Headbutt          |     8 |    13 |    44 ||    65
 Invoke: Sacrifice Stealth |       |       |     1 ||     1
  Evoke: Wand              |       |       |     4 ||     4
    Use: Scroll            |       |     3 |     4 ||     7
         Potion            |       |       |     2 ||     2
 Armour: Scale mail        |    57 |    51 |    20 ||   128
         Ring mail         |       |       |   123 ||   123
  Dodge: Dodged            |    42 |    40 |   103 ||   185
  Block: Buckler           |    24 |    21 |    39 ||    84

Levels and vault maps discovered:
D:1:      dreamdust_arrival_beginning_and_end, layout_basic, wad_floor_pattern_1
D:2:      layout_rooms
D:3:      layout_loops_ring, fedhas_altar_4, st_stairs_12,
          minmay_misc_feat_ornament, chequers_serial_rivers_marsh,
          minmay_quadrilaterals
D:4:      layout_cave_pods, minmay_manual_monstrance
D:5:      layout_basic, serial_shops, shop_fountains, uniq_edmund, uniq_duvessa
D:6:      layout_rooms, riverfiend_overflow_shadow_ancestor,
          chequers_temple_overflow_statue_of_worship, ashenzari_altar_1,
          nemelex_xobeh_ov_fountains_minmay,
          mainiacjoe_overflow_large_starburst, minmay_temple_entry_tees,
          uniq_sigmund, uniq_menkaure
D:7:      layout_loops_cross, grunt_decor_junction, dk_noncrumbling_4,
          chequers_serial_rivers_room_a
D:8:      layout_loops_ring, gammafunk_ghost_necromancy, centaur_isle,
          uniq_jeremiah
D:9:      layout_irregular_city, nicolae_uskayaw_dance_studio,
          mainiacjoe_overflow_small_starburst, nicolae_overflow_crystal_walls,
          enter_bailey_2, reono_crystal_passage, uniq_psyche, uniq_joseph
Temple:   nicolae_temple_great_sept
Bailey:   bailey_polearm_vampire_castle_hellmonk, bailey

Notes
Turn   | Place    | Note
-------+----------+-------------------------------------------
     0 | D:1      | MackTheKnife the Minotaur Fighter began the quest for the
                  | Orb.
     0 | D:1      | Reached XP level 1. HP: 19/19 MP: 0/0
     0 | D:1      | magus.rc [v1.9.6]
   264 | D:1      | Reached skill level 4 in Fighting
   294 | D:1      | Reached skill level 3 in Axes
   294 | D:1      | Reached XP level 2. HP: 27/27 MP: 1/1
   520 | D:2      | Reached XP level 3. HP: 34/34 MP: 2/2
   765 | D:3      | Reached skill level 4 in Axes
   810 | D:3      | Reached XP level 4. HP: 34/41 MP: 3/3
  1021 | D:4      | Reached skill level 5 in Fighting
  1201 | D:4      | Reached XP level 5. HP: 28/49 MP: 4/4
  1298 | D:4      | Reached skill level 5 in Axes
  1334 | D:4      | Reached skill level 6 in Fighting
  1363 | D:4      | Reached XP level 6. HP: 53/58 MP: 5/5
  1405 | D:4      | Reached skill level 6 in Axes
  1432 | D:4      | Noticed an orc warrior
  1444 | D:4      | Killed an orc warrior
  1445 | D:4      | Reached skill level 7 in Fighting
  1484 | D:5      | Entered Level 5 of the Dungeon
  1502 | D:5      | Reached XP level 7. HP: 66/66 MP: 6/6
  1613 | D:5      | Reached skill level 7 in Axes
  1668 | D:5      | Noticed Edmund
  1681 | D:5      | Killed Edmund
  1682 | D:5      | Reached skill level 8 in Fighting
  1791 | D:5      | Identified a scroll of acquirement
  1792 | D:5      | Acquired 1062 gold pieces
  1881 | D:5      | Found Zupp's Distillery.
  1886 | D:5      | Bought a potion of heal wounds for 55 gold pieces
  1886 | D:5      | Bought a potion of ambrosia for 88 gold pieces
  1886 | D:5      | Bought 2 potions of berserk rage for 110 gold pieces
  2077 | D:6      | Found a shimmering blue altar of Sif Muna.
  2081 | D:6      | Reached skill level 8 in Axes
  2088 | D:6      | Found a sparkling altar of Nemelex Xobeh.
  2151 | D:6      | Reached XP level 8. HP: 46/75 MP: 7/7
  2181 | D:6      | Found a shadowy altar of Dithmenos.
  2182 | D:6      | Found a hazy altar of Hepliaklqana.
  2196 | D:6      | Reached skill level 9 in Fighting
  2233 | D:6      | Found a broken altar of Ashenzari.
  2258 | D:6      | Found an opulent altar of Gozag.
  2259 | D:6      | Noticed Menkaure
  2260 | D:6      | Found a snail-covered altar of Cheibriados.
  2262 | D:6      | Found a staircase to the Ecumenical Temple.
  2265 | D:6      | Killed Menkaure
  2272 | D:6      | Noticed Sigmund
  2274 | Temple   | Entered the Ecumenical Temple
  2283 | Temple   | Became a worshipper of Ru the Awakened
  2295 | D:6      | Killed Sigmund
  2296 | D:6      | Reached skill level 9 in Axes
  2349 | D:6      | Found a shimmering altar of Xom.
  2482 | D:7      | Reached skill level 10 in Fighting
  2735 | D:8      | Noticed a two-headed ogre
  2743 | D:8      | Killed a two-headed ogre
  2744 | D:8      | Reached skill level 11 in Axes
  2744 | D:8      | Reached XP level 9. HP: 61/85 MP: 8/8
  2747 | D:8      | Found a runed translucent gate.
  2747 | D:8      | Found a runed translucent gate.
  2747 | D:8      | Found a runed translucent gate.
  2747 | D:8      | Noticed hackum's ghost (novice OpGl)
  2825 | D:8      | Reached skill level 4 in Shields
  2851 | D:8      | Noticed Jeremiah
  2869 | D:8      | Killed Jeremiah
  2870 | D:8      | Reached skill level 12 in Axes
  2973 | D:9      | Reached skill level 5 in Shields
  2990 | D:9      | Found a hide-covered altar of Uskayaw.
  3043 | D:9      | Found a flagged portal.
  3049 | D:9      | Identified the +7 spear of Xeynano {pain, *Rage Str+4 Dex+3
                  | Stlth+}
  3054 | Bailey   | Entered a bailey
  3066 | Bailey   | Gained mutation: You cannot be stealthy. [Ru sacrifice]
  3123 | Bailey   | Reached skill level 6 in Shields
  3232 | Bailey   | Noticed a gargoyle
  3243 | Bailey   | Killed a gargoyle
  3244 | Bailey   | Reached skill level 13 in Axes
  3244 | Bailey   | Reached skill level 7 in Shields
  3350 | Bailey   | HP: 28/127 [something (19)]
  3353 | Bailey   | HP: 3/127 [something (11)]
  3353 | Bailey   | HP: 1/127 [something (2)]
  3355 | Bailey   | Slain by a vampire

Vanquished Creatures
  A two-headed ogre (D:8)
  A gargoyle (Bailey)
  Jeremiah (D:8)
  Sigmund (D:6)
  Menkaure (D:6)
  Edmund (D:5)
  4 orc warriors
  A phantom (D:5)
  A kobold brigand (D:9)
  A bullfrog (D:6)
  2 gnoll sergeants
  4 scorpions
  A howler monkey (D:4)
  7 vampire bats (Bailey)
  5 wolf zombies (Bailey)
  2 jellies
  An orc priest (D:6)
  2 hounds
  3 iguanas
  4 orc wizards
  A sleepcap (D:4)
  16 gnolls
  8 adders
  2 white imps
  2 worms
  2 dart slugs
  18 orcs
  8 ball pythons
  5 endoplasms
  3 giant cockroaches (D:4)
  9 goblins
  3 hobgoblins
  3 jackals
  5 quokkas
  6 bats
  3 frilled lizards (D:1)
  8 kobolds
  14 orc zombies (Bailey)
  2 rats
162 creatures vanquished.

Table legend:
 A = Non-vault XP
 B = Vault XP
 C = Vault XP percentage of total XP
 D = Non-vault monster count
 E = Vault monster count
 F = Vault count percentage of total count
                 A         B        C        D         E       F
            +---------+---------+-------+---------+---------+-------
      Total |    2924 |    2330 |  44.3 |     118 |      44 |  27.2
            +---------+---------+-------+---------+---------+-------
        D:1 |      15 |       0 |   0.0 |      10 |       0 |   0.0
        D:2 |      57 |       0 |   0.0 |      16 |       0 |   0.0
        D:3 |      23 |       5 |  17.9 |      11 |       3 |  21.4
        D:4 |     434 |     189 |  30.3 |      26 |       6 |  18.8
        D:5 |     337 |     164 |  32.7 |      18 |       1 |   5.3
        D:6 |     596 |     392 |  39.7 |      14 |       2 |  12.5
        D:7 |     161 |       0 |   0.0 |       7 |       0 |   0.0
        D:8 |    1128 |     388 |  25.6 |      11 |       1 |   8.3
        D:9 |     173 |     101 |  36.9 |       5 |       4 |  44.4
     Bailey |       0 |    1091 | 100.0 |       0 |      27 | 100.0
            +---------+---------+-------+---------+---------+-------

Skill      XL: |  1  2  3  4  5  6  7  8  9 |
---------------+----------------------------+-----
Fighting       | 4 5 6 7 8 10 | 10.0
Axes           | 3 4 5 6 8 11 13 | 13.0
Shields        | 7 |  7.0
Armour         | |  3.6

Action                     |  1- 3 |  4- 6 |  7- 9 || total
---------------------------+-------+-------+-------++-------
  Melee: War axe           |    86 |    77 |   218 ||   381
         Headbutt          |     8 |    13 |    44 ||    65
 Invoke: Sacrifice Stealth |       |       |     1 ||     1
  Evoke: Wand              |       |       |     4 ||     4
    Use: Scroll            |       |     3 |     4 ||     7
         Potion            |       |       |     2 ||     2
 Armour: Scale mail        |    57 |    51 |    20 ||   128
         Ring mail         |       |       |   123 ||   123
  Dodge: Dodged            |    42 |    40 |   103 ||   185
  Block: Buckler           |    24 |    21 |    39 ||    84

Illustrated notes

Table legend:
 A = Kills in this place as a percentage of kills in the entire game.
 B = Kills by you in this place as a percentage of kills by you in the entire game.
 C = Kills by friends in this place as a percentage of kills by friends in the entire game.
 D = Other kills in this place as a percentage of other kills in the entire game.
 E = Experience gained in this place as a percentage of experience gained in the entire game.
 F = Experience gained in this place divided by the number of levels of this place that you have seen.
                   A       B       C       D       E      F
               +-------+-------+-------+-------+-------+----------------------
         Total | 100.0 | 100.0 |   N/A |   N/A | 100.0 | 477.6
       Dungeon |  83.3 |  83.3 |   N/A |   N/A |  79.2 | 462.6
        Bailey |  16.7 |  16.7 |   N/A |   N/A |  20.8 | 1091.0
               +-------+-------+-------+-------+-------+----------------------

Table legend: (Time is in decaauts)
 A = Elapsed time spent in this place.
 B = Non-inter-level travel time spent in this place.
 C = Inter-level travel time spent in this place.
 D = Time resting spent in this place.
 E = Time spent auto-exploring this place.
 F = Levels seen in this place.
 G = Mean time per level.
                   A        B        C        D        E       F      G
               +--------+--------+--------+--------+--------+-----+--------+
         Total |   3423 |   3228 |    195 |    128 |    377 |  11 |  311.2 |
       Dungeon |   3112 |   2917 |    195 |     49 |    282 |   9 |  345.8 |
        Temple |     18 |     18 |      0 |      0 |      0 |   1 |   18.0 |
        Bailey |    291 |    291 |      0 |     79 |     95 |   1 |  291.0 |
               +--------+--------+--------+--------+--------+-----+--------+

Top non-repeatable levels by time:
     D:5: 600 daAuts
     D:4: 484 daAuts
     D:1: 423 daAuts
     D:3: 369 daAuts
     D:8: 358 daAuts
  Bailey: 291 daAuts
     D:6: 279 daAuts
     D:2: 265 daAuts
     D:7: 190 daAuts
     D:9: 140 daAuts
  Temple: 18 daAuts
